 Dungeon Crawl Stone Soup version 0.25-a0-248-g18654cfe15 (webtiles) character file.

Game seed: 17073773161428760884, levelgen mode: deterministic

67 MrRokkomies the Skirmisher (level 4, -4/40 HPs)
             Began as a Ghoul Monk on Dec 4, 2019.
             Slain by Sigmund
             ... wielding a +0 scythe
              (9 damage)
             ... on level 2 of the Dungeon.
             The game lasted 00:04:19 (1415 turns).

MrRokkomies the Skirmisher (Ghoul Monk)             Turns: 1415, Time: 00:04:20

Health: -4/40      AC:  8    Str: 15    XL:     4   Next: 18%
Magic:  3/3        EV: 11    Int:  5    God:
Gold:   4          SH:  0    Dex: 11    Spells: 3/3 levels left

rFire    . . .     SeeInvis .   a - +0 mace
rCold    + . .     Gourm    .   (no shield)
rNeg     + + +     Faith    .   h - +0 ring mail
rPois    ∞         Spirit   .   (no helmet)
rElec    .         Reflect  .   (no cloak)
rCorr    .         Harm     .   (no gloves)
MR       .....                  b - +0 pair of boots
Stlth    +.........             (no amulet)
HPRegen  0.00/turn              i - +2 ring of protection
MPRegen  0.08/turn              (no ring)

@: about to teleport, rotting
A: rotting body, claws 1, carnivore, cold resistance 1, negative energy
resistance 3, inhibited regeneration, torment resistance, unbreathing
a: no special abilities


You were on level 2 of the Dungeon.
You were not hungry.

You visited 1 branch of the dungeon, and saw 2 of its levels.

You collected 4 gold pieces.

Inventory:

Hand Weapons
 a - a +0 mace (weapon)
Missiles
 f - 12 poisoned darts
 g - 18 stones (quivered)
Armour
 b - a +0 pair of boots (worn)
 h - a +0 ring mail (worn)
 j - a +0 chain mail
Jewellery
 i - a +2 ring of protection (left claw)
Wands
 l - a wand of random effects (11)
Scrolls
 d - 2 scrolls of identify
Comestibles
 c - 2 rations
 k - 4 chunks of flesh


   Skills:
 * Level 4.2 Fighting
 * Level 3.4 Maces & Flails
 + Level 3.1 Dodging
 - Level 2.1 Stealth


You had 3 spell levels left.
You didn't know any spells.
Your spell library was empty.

Dungeon Overview and Level Annotations

Branches:
Dungeon (2/15)

Altars:

Annotations:
D:2 Sigmund


Innate Abilities, Weirdness & Mutations

Your body is rotting away.
You thrive on raw meat.
You are immune to poison.
You have sharp fingernails.
You are carnivorous and can eat meat at any time.
Your flesh is cold resistant. (rC+)
You are immune to negative energy. (rN+++)
You do not regenerate when monsters are visible.
You are immune to unholy pain and torment.
You can survive without breathing.


Message History

The puff of flame hits you but does no damage.
Evoke which item? (* to show all) (? for menu, Esc to quit)
Aiming: Random Effects
Press: ? - help, Shift-Dir - straight line, f - kobold
Aim: a kobold Nothing appears to happen.
Something hits you! Something hits you! Something hits you!
* * * LOW HITPOINT WARNING * * *
The rat bites you.
* * * LOW HITPOINT WARNING * * *
Something hits you but does no damage.
There is an open door here.
Something hits you.
* * * LOW HITPOINT WARNING * * *
As you read the scroll of teleportation, it crumbles to dust.
You feel strangely unstable. The rat bites you.
* * * LOW HITPOINT WARNING * * *
Something hits you!
You die...

########### #.........#
#.........#
#########.........#
'.......'.........+
.#####.#.........#
#@#.........#####
##r##.......÷....#
##.K{##.####.)....#
##.....### #......+
##.8...8.## #......## ###
##.#.....#.## ##.###...
#...#)(.8...8...####.# #.##
#...'(..........+........#
#...#...8...8...#....######


You could see a kobold and a rat.

Vanquished Creatures
  An adder (D:2)
  An ooze (D:1)
  A worm (D:2)
  2 dart slugs (D:1)
  4 leopard geckos
  2 giant cockroaches (D:1)
  7 goblins
  3 hobgoblins
  2 jackals (D:1)
  5 kobolds (D:1)
  4 bats
  3 frilled lizards
  6 rats
41 creatures vanquished.

Notes
Turn   | Place    | Note
-------+----------+-------------------------------------------
     0 | D:1      | MrRokkomies the Ghoul Monk began the quest for the Orb.
     0 | D:1      | Reached XP level 1. HP: 19/19 MP: 0/0
    67 | D:1      | Reached XP level 2. HP: 24/26 MP: 1/1
   126 | D:1      | You fall into a shaft and drop 1 floor!
   255 | D:1      | Reached XP level 3. HP: 33/33 MP: 2/2
   544 | D:1      | Reached skill level 4 in Fighting
  1115 | D:2      | Noticed Sigmund
  1336 | D:2      | Reached XP level 4. HP: 36/40 MP: 3/3
  1415 | D:2      | Slain by Sigmund

Levels and vault maps discovered:
D:1:      evilmike_arrival_plus, layout_basic, lemuel_flame_loot_1
D:2:      layout_basic, dk_noncrumbling_3, minmay_tetromino_i2, uniq_terence,
          uniq_sigmund

Skill      XL: |  1  2  3 |
---------------+----------+-----
Maces & Flails | 3 |  3.4
Dodging        | 3 |  3.1
Fighting       | 4 |  4.2
Stealth        | |  2.1

Action                   |  1- 3 |  4- 6 || total
-------------------------+-------+-------++-------
Melee: Mace              |   125 |    11 ||   136
Evoke: Wand              |       |     1 ||     1
  Use: Scroll            |       |     2 ||     2
 Stab: Sleeping          |     3 |       ||     3
  Eat: Chunk             |     4 |       ||     4
Armor: Leather armour    |    13 |       ||    13
       Ring mail         |    31 |     9 ||    40
Dodge: Dodged            |    91 |    14 ||   105

Table legend:
 A = Non-vault XP
 B = Vault XP
 C = Vault XP percentage of total XP
 D = Non-vault monster count
 E = Vault monster count
 F = Vault count percentage of total count
                 A         B        C        D         E       F
            +---------+---------+-------+---------+---------+-------
      Total |      96 |       1 |   1.0 |      40 |       1 |   2.4
            +---------+---------+-------+---------+---------+-------
        D:1 |      62 |       0 |   0.0 |      30 |       0 |   0.0
        D:2 |      34 |       1 |   2.9 |      10 |       1 |   9.1
            +---------+---------+-------+---------+---------+-------
